AoeStats
← 公鸡神探

Oasis

509871634Analyzed
4v4 RM · 3d ago on Sep 28, 2026· 51m 31s· 8 players
Game mode
Random Map
Map size
Large (8 player)
Population
200
Speed
Normal
Resources
Standard
Victory
Conquest
Starting age
Dark Age
Ending age
Imperial Age
RankedLock teamsTeams togetherTeam positionsShared explorationLock speedFull tech treeHidden civsTurbo modeCheats
Victory
Defeat
🇨🇳 Teutons · China
1132
+16
🇨🇳 Sicilians · China
1131
+16
🇨🇳 Saracens · China
1113
+16
🇵🇱 Italians · Poland
1056
+18
🇩🇪 Ethiopians · Germany
1156
-18
🇧🇾 Armenians · Belarus
1140
-17
🇹🇷 Spanish · Türkiye
1107
-22
🇬🇧 Goths · United Kingdom
1073
-15
Rubin
8:43 Loom
11:29 Feudal Age
15:20 Castle Age
13:21 Double-Bit Axe
14:26 Horse Collar
17:56 Town Watch
31:32 Bow Saw
32:16 Wheelbarrow
37:20 Imperial Age
36:22 Fletching
36:32 Padded Archer Armor
39:04 Conscription
38:42 Capped Ram
43:22 Bodkin Arrow
43:42 Leather Archer Armor
43:02 Light Cavalry
44:11 Scale Barding Armor
NoobPwner
0:26 Loom
10:24 Feudal Age
11:33 Double-Bit Axe
17:32 Castle Age
19:32 Wheelbarrow
19:14 Horse Collar
19:46 Bow Saw
21:11 Hand Cart
24:31 Stone Mining
24:34 Gold Mining
27:57 Heavy Plow
31:36 Imperial Age
29:44 Masonry
30:18 Forging
30:08 Scale Mail Armor
31:39 Town Watch
32:56 Crop Rotation
33:28 Two-Man Saw
32:31 Anarchy
32:52 Conscription
31:53 Elite Huskarl
32:18 Treadmill Crane
33:02 Man-at-Arms
33:02 Pikeman
33:44 Squires
34:25 Iron Casting
34:05 Chain Mail Armor
33:42 Halberdier
36:24 Blast Furnace
35:20 Fletching
39:50 Bodkin Arrow
42:34 Chemistry
41:31 Murder Holes
44:57 Padded Archer Armor
44:58 Bracer
LLBHLJ
9:45 Feudal Age
14:35 Castle Age
19:30 Double-Bit Axe
20:38 Horse Collar
24:22 Fletching
29:14 Imperial Age
27:44 Bow Saw
31:26 Town Watch
32:16 Wheelbarrow
31:26 Loom
32:49 Cavalier
33:33 Husbandry
33:51 Town Patrol
34:07 Hand Cart
37:11 Scale Mail Armor
37:18 Scale Barding Armor
37:26 Forging
41:15 Light Cavalry
45:38 Iron Casting
45:18 Chain Mail Armor
45:24 Chain Barding Armor
Wospenzukh
5:50 Loom
10:30 Feudal Age
21:09 Castle Age
21:10 Double-Bit Axe
23:01 Wheelbarrow
24:10 Bow Saw
26:12 Horse Collar
28:43 Fletching
31:07 Hand Cart
32:22 Heavy Plow
34:51 Bodkin Arrow
35:48 Gold Mining
37:49 Padded Archer Armor
45:17 Imperial Age
46:34 Conscription
47:43 Man-at-Arms
49:10 Fereters
48:29 Long Swordsman
49:36 Two-Handed Swordsman
50:06 Gambesons
50:22 Squires
50:08 Arson
Bamboozled Kiwi
7:49 Loom
10:55 Feudal Age
11:25 Double-Bit Axe
11:20 Horse Collar
18:28 Castle Age
16:39 Scale Barding Armor
17:01 Forging
17:41 Bloodlines
18:55 Gold Mining
19:11 Husbandry
20:49 Bow Saw
21:19 Heavy Plow
24:24 Chain Barding Armor
31:39 Iron Casting
34:09 Imperial Age
32:16 Wheelbarrow
31:27 Town Watch
33:09 Stone Mining
34:31 Cavalier
35:57 Plate Barding Armor
42:01 Two-Man Saw
40:57 Fletching
41:08 Padded Archer Armor
42:02 Ballistics
42:43 Chemistry
新手村天幕星
12:14 Feudal Age
17:10 Castle Age
16:06 Double-Bit Axe
16:03 Horse Collar
17:40 Loom
24:36 Heavy Plow
24:51 Bow Saw
26:39 Gold Mining
27:53 Wheelbarrow
29:05 Stone Mining
34:44 Imperial Age
32:35 Fortified Wall
32:35 Masonry
32:59 Scale Mail Armor
32:57 Fletching
34:46 Chain Mail Armor
34:41 Forging
35:08 Masonry
34:48 Pikeman
35:28 Squires
35:16 Arson
37:47 Iron Casting
38:16 Conscription
38:34 Bodkin Arrow
39:43 Padded Archer Armor
47:09 Hand Cart
46:50 Town Watch
公鸡神探
8:14 Loom
10:01 Feudal Age
11:05 Loom
12:44 Double-Bit Axe
13:50 Fletching
15:35 Horse Collar
20:51 Castle Age
20:20 Padded Archer Armor
21:38 Bodkin Arrow
21:11 Crossbowman
22:21 Town Watch
29:26 Heavy Plow
30:25 Leather Archer Armor
31:18 Wheelbarrow
35:08 Imperial Age
35:23 Hand Cart
35:09 Town Patrol
36:04 Bloodlines
35:55 Husbandry
35:43 Elite Mameluke
36:44 Conscription
36:39 Gold Mining
37:40 Bimaristan
37:50 Leather Archer Armor
37:41 Scale Barding Armor
37:46 Forging
39:46 Chain Barding Armor
41:09 Iron Casting
42:01 Plate Barding Armor
41:16 Capped Ram
43:05 Chemistry
43:20 Counterweights
43:52 Counterweights
44:56 Blast Furnace
无甲的joe
6:40 Loom
9:04 Feudal Age
19:32 Horse Collar
25:03 Castle Age
23:42 Double-Bit Axe
24:56 Stone Mining
25:00 Gold Mining
34:40 Imperial Age
31:56 Town Watch
32:30 Heavy Plow
32:43 Bow Saw
33:57 Wheelbarrow
34:44 Stone Shaft Mining
35:14 Hand Cart
35:23 First Crusade
35:29 Scale Mail Armor
35:39 Forging
35:33 Squires
35:18 Arson
36:35 Elite Serjeant
37:33 Chain Mail Armor
37:28 Forging
38:25 Conscription
38:12 Capped Ram
39:38 Plate Mail Armor
39:43 Iron Casting
41:34 Siege Ram
43:25 Gold Shaft Mining
52:59 Blast Furnace
Connection lost

Rejoining the realm…

Still unreachable

The connection could not be restored.

Session expired

The server has moved on; the page needs a fresh start.